 Dungeon Crawl Stone Soup version 0.30-a0-845-g7c6808c8ce (webtiles) character file.

Game seed: 11415097394269773830

207405 Lavandula the Stormcaller (level 17, 0/100 HPs)
             Began as a Felid Hedge Wizard on Feb 26, 2023.
             Was an Elder of Sif Muna.
             Killed from afar by Margery (39 damage)
             ... with a bolt of fire
             ... on level 4 of the Vaults on Mar 3, 2023.
             The game lasted 03:25:20 (46689 turns).

Lavandula the Stormcaller (Felid Hedge Wizard)     Turns: 46689, Time: 03:25:21

Health: 0/100      AC: 26    Str: 14      XL:     17   Next: 61%
Magic:  5/35       EV: 37    Int: 18 (20) God:    Sif Muna [****..]
Gold:   1590       SH:  2    Dex: 17      Spells: 4/43 levels left
                                        Lives:  0   Deaths: 5

rFire   . . .      SeeInvis +      - Unarmed
rCold   . . .      Faith    .    (shield unavailable)
rNeg    + . .      Spirit   .    (body armour unavailable)
rPois   ∞          Reflect  .    (helmet unavailable)
rElec   +          Rampage  .    (cloak unavailable)
rCorr   +                        (gloves unavailable)
Will    ++...                    (boots unavailable)
Stlth   ++++                     j - amulet of Kouphuiw {Regen+ rCorr Dex+2}
HPRegen 1.16/turn                d - +5 ring of evasion
MPRegen 0.24/turn                l - ring of the Octopus King {Wiz HP+2 AC+2 EV+2 SH+2}

@: about to teleport, statue-form, unable to read, very slow
A: slow and powerful, torment resistance 1, boosted hp, very small, claws 1,
fangs 3, see invisible, (speed 1), (shaggy fur 3), stealthy paws, no weapons or
thrown items, no armour, multi-lived, deterioration 1, screaming 1, strong 2,
subdued magic 1, inability to read after injury 1
}: 2/15 runes: barnacled, gossamer
a: End Transformation, Renounce Religion, Channel Magic, Forget Spell, Divine
Exegesis


You were on level 4 of the Vaults.
You worshipped Sif Muna.
Sif Muna was greatly pleased with you.
You were a living statue of rough stone.
You visited 6 branches of the dungeon, and saw 34 of its levels.
You also visited: Bailey.

You collected 4842 gold pieces.
You spent 3252 gold pieces at shops.

Inventory:

Jewellery
 d - a +5 ring of evasion (left paw)
 g - a ring of poison resistance
 j - the amulet of Kouphuiw (around neck) {Regen+ rCorr Dex+2}
   (You bought it in a shop on level 1 of the Vaults)

   [amulet of regeneration]

   Dex:       It affects your dexterity (+2).
   Regen:     It increases your rate of health regeneration.
   rCorr:     It protects you from acid and corrosion.
 l - a ring of the Octopus King (right paw) {Wiz HP+2 AC+2 EV+2 SH+2}
   (You found it on level 12 of the Dungeon)

   [ring of wizardry]

   It improves your spell success rate.
   AC:        It affects your AC (+2).
   EV:        It affects your evasion (+2).
   HP:        It affects your health (+2).
   SH:        It affects your SH (+2).
 p - a ring of positive energy
 z - a ring of fire
 D - a ring of flight
Wands
 a - a wand of acid (2)
 r - a wand of paralysis (20)
 w - a wand of flame (49)
 E - a wand of iceblast (19)
 F - a wand of digging (11)
 N - a wand of polymorph (2)
Scrolls
 c - 8 scrolls of poison
 e - 2 scrolls of summoning
 h - 4 scrolls of vulnerability
 y - 3 scrolls of silence
 A - 2 scrolls of fear
 B - 7 scrolls of blinking
 C - 4 scrolls of immolation
 G - 8 scrolls of teleportation
 I - 15 scrolls of identify
 J - a scroll of fog
 K - 4 scrolls of magic mapping
 M - a scroll of amnesia
Potions
 b - 6 potions of ambrosia
 i - 6 potions of curing
 k - 13 potions of mutation
 m - 4 potions of brilliance
 o - 7 potions of lignification
 q - 5 potions of might
 s - 7 potions of flight
 t - 9 potions of cancellation
 v - 7 potions of attraction
 x - 7 potions of resistance
 H - a potion of haste
Miscellaneous
 u - a box of beasts
 L - a condenser vane (inert)


   Skills:
 - Level 9.0 Fighting
 - Level 17.6 Dodging
 - Level 9.1 Stealth
 - Level 12.5 Unarmed Combat
 + Level 13.5 Spellcasting
 - Level 2.5 Conjurations
 - Level 1.0 Summonings
 - Level 5.6 Necromancy
 - Level 1.5 Translocations
 - Level 12.1 Transmutations
 - Level 3.7 Ice Magic
 - Level 17.7 Air Magic
 - Level 5.8 Earth Magic
 - Level 4.1 Poison Magic
 - Level 10.4 Invocations
 - Level 4.4 Evocations


You had 4 spell levels left.
You knew the following spells:

 Your Spells              Type           Power      Damage    Failure   Level
a - Storm Form            Tmut/Air       25%        N/A       3%          7
b - Blink                 Tloc           26%        N/A       1%          2
c - Statue Form           Tmut/Erth      22%        N/A       8%          6
d - Mephitic Cloud        Conj/Pois/Air  31%        N/A       1%          3
e - Animate Dead          Necr           25%        N/A       1%          4
f - Freezing Cloud        Conj/Ice/Air   15%        6-21      1%          5
g - Stone Arrow           Conj/Erth      40%        3d9       1%          3
h - Borgnjor's Vile Clut  Necr/Erth      12%        N/A       4%          5
i - Summon Lightning Spi  Summ/Air       35%        N/A       1%          4

Your spell library contained the following spells:

 Spells                   Type           Power      Damage    Failure   Level
 Beastly Appendage        Tmut           86%        N/A       0%          1
 Swiftness                Air            55%        N/A       0%          3
 Airstrike                Air            27%        2d(4-20)  0%          4
 Apportation              Tloc           26%        N/A       1%          1
 Kiss of Death            Conj/Necr      80%        2d11      1%          1
 Magic Dart               Conj           64%        1d6       1%          1
 Necrotise                Necr           100%       1d9       1%          1
 Sandblast                Erth           50%        2d12      1%          1
 Shock                    Conj/Air       100%       1d9       1%          1
 Slow                     Hex            36%        N/A       1%          1
 Sting                    Tmut/Pois      100%       1d8       1%          1
 Summon Small Mammal      Summ           48%        N/A       1%          1
 Call Imp                 Summ           12%        N/A       1%          2
 Cigotuvi's Dreadful Rot  Necr/Pois/Air  68%        N/A       1%          2
 Ensorcelled Hibernation  Hex/Ice        28%        N/A       1%          2
 Lesser Beckoning         Tloc           26%        N/A       1%          2
 Passwall                 Tmut/Erth      28%        N/A       1%          2
 Poisonous Vapours        Pois/Air       78%        N/A       1%          2
 Static Discharge         Conj/Air       74%        2-6/arc   1%          2
 Wereblood                Tmut           43%        N/A       1%          2
 Hailstorm                Conj/Ice       17%        3d6       1%          3
 Ignite Poison            Fire/Tmut/Pois 24%        N/A       1%          3
 Ozocubu's Armour         Ice            19%        N/A       1%          3
 Spider Form              Tmut/Pois      31%        N/A       1%          3
 Vampiric Draining        Necr           25%        2d7       1%          3
 Vhi's Electric Charge    Tloc/Air       70%        N/A       1%          3
 Dispel Undead            Necr           25%        3d12      1%          4
 Petrify                  Tmut/Erth      34%        N/A       1%          4
 Scorch                   Fire           18%        2d5       2%          2
 Gell's Gravitas          Tloc           13%        N/A       2%          3
 Teleport Other           Tloc           13%        N/A       2%          3
 Olgreb's Toxic Radiance  Pois           20%        N/A       3%          4
 Confusing Touch          Hex            9%         N/A       6%          3
 Inner Flame              Hex/Fire       9%         N/A       6%          3
 Tukima's Dance           Hex            9%         N/A       6%          3
 Anguish                  Hex/Necr       8%         N/A       6%          4
 Iskenderun's Mystic Bla  Conj/Tloc      14%        2d5       9%          4
 Passage of Golubria      Tloc           13%        N/A       11%         4
 Flame Wave               Conj/Fire      12%        2d6       12%         4
 Sticky Flame             Conj/Fire      12%        2d4       12%         4
 Cause Fear               Hex            4%         N/A       21%         4
 Alistair's Intoxication  Tmut/Pois      20%        N/A       1%          5
 Arcjolt                  Conj/Air       18%        1d28      1%          5
 Blade Hands              Tmut           21%        N/A       1%          5
 Lightning Bolt           Conj/Air       18%        1d33      1%          5
 Silence                  Hex/Air        16%        N/A       1%          5
 Irradiate                Conj/Tmut      14%        3d16      2%          5
 Lee's Rapid Deconstruct  Erth           12%        3d9*      4%          5
 Yara's Violent Unravell  Hex/Tmut       13%        3d7       4%          5
 Conjure Ball Lightning   Conj/Air       18%        3x3d6     4%          6
 Agony                    Necr           25%        N/A       5%          5
 Maxwell's Capacitive Co  Air            27%        ∞         9%          8
 Eringya's Noxious Bog    Tmut/Pois      15%        N/A       11%         6
 Dragon Form              Tmut           21%        N/A       12%         7
 Iskenderun's Battlesphe  Conj           16%        2d7       21%         5
 Metabolic Englaciation   Hex/Ice        7%         N/A       26%         5
 Death Channel            Necr           12%        N/A       28%         6
 Iron Shot                Conj/Erth      10%        9d3       45%         6
 Dispersal                Tloc           6%         N/A       83%         6
 Ozocubu's Refrigeration  Ice            9%         4d9       97%         7
 Monstrous Menagerie      Summ           6%         N/A       100%        7
 Spellforged Servitor     Conj/Summ      7%         N/A       100%        7
 Lehudib's Crystal Spear  Conj/Erth      10%        10d4      100%        8
 Chain Lightning          Conj/Air       18%        3d24      100%        9
 Polar Vortex             Ice            9%         N/A       100%        9
 Shatter                  Erth           12%        3d13*     100%        9
 Animate Armour           Summ/Erth      Unusable   N/A       N/A         4

Dungeon Overview and Level Annotations

Branches:
Dungeon (15/15)            Temple (0/1) D:7            Lair (5/5) D:8
 Shoals (4/4) Lair:3       Spider (4/4) Lair:2        Slime (0/5) Lair:4
    Orc (2/2) D:11            Elf (0/3) Orc:2        Vaults (4/5) D:13
  Crypt (0/3) Vaults:2     Depths (0/4) D:15         Bailey (visited)

Altars:
Ashenzari
Dithmenos
Elyvilon
Gozag
Hepliaklqana
Kikubaaqudgha
Makhleb
Nemelex Xobeh
Qazlal
Sif Muna
Vehumet
Wu Jian
Jiyva

Shops:
D:8 :*   D:9 ?   D:11 *   Orc:2 ?[!*   Vaults:1 =*:*:   Vaults:2 ?

Annotations:
D:5 exclusion: ice beast
Spider:4 exclusion: door
Vaults:3 3 runed translucent doors, Hosunepni's ghost, adept FeBe
Vaults:4 Margery


Innate Abilities, Weirdness & Mutations

You are a living statue of rough stone.
Your actions are slow, but your melee attacks are powerful.
You are resistant to unholy torment.
Your maximum health is greatly increased.
You are immune to poison.
You have sharp claws.
You have razor-sharp teeth.
You have supernaturally acute eyesight. (SInv)
((You cover ground quickly. (Speed+)))
((Your thick and shaggy fur keeps you warm. (AC +3, rC+)))
Your paws help you pounce on unaware monsters.
You are incapable of wielding weapons or throwing items.
You cannot wear armour.
You gain extra lives every three experience levels.
Your body sometimes deteriorates upon taking damage.
You occasionally shout uncontrollably at your foes.
Your muscles are very strong. (Str +8, Int/Dex -2)
Your spells are a little easier to cast, but a little less powerful.
You occasionally lose the ability to read scrolls when taking damage.


Message History

Items here: a +0 dagger; a +0 robe.
The floor, spattered with blood.
Unknown command.
You feel better.
You can read scrolls again.
The hell knight is engulfed in noxious fumes.
The hell knight appears confused.
Your glowing orange brain is engulfed in noxious fumes.
Press: ? - help, v - describe, . - travel
Here: Margery, wielding a +4 war axe and wearing +0 fire dragon scales (severely wounded, not watching you, covered in acid, ally target)
The floor.
As you read the scroll of teleportation, it crumbles to dust.
You feel strangely unstable.
The hell knight cries.
The necromancer is engulfed in noxious fumes.
The necromancer gestures wildly while chanting.
The necromancer binds the souls of nearby monsters.
The vault sentinel gestures at you while chanting.
You struggle to resist.
An ironbound convoker skeleton comes into view.
The hell knight hits the necromancer with a +2 great sword of flaming!!!
The hell knight burns the necromancer!
The necromancer is killed!
Sif Muna accepts your kill.
Margery barely misses your glowing orange brain.
The vault sentinel blows a loud note on a signal horn!
You hear a shout! x2
You feel better.
You feel better.
Margery is no longer covered in acid.
Your glowing orange brain seems less confused.
Margery points at your glowing orange brain and mumbles some strange words.
The bolt of fire hits your glowing orange brain!!!
Your glowing orange brain dies!
Your glowing orange brain dissolves into shadows!
The hell knight completely misses you.
The ironbound convoker completely misses you.
Margery casts a spell at you. The bolt of fire misses you.
The bolt of fire hits you!!!
You feel threatened and lose the ability to read scrolls!
You die...

...........#
...........#
...........#
########'### #..
#...# # #... #...#
.# #..'###Z..# ..
###..Z########.#.#..
#.'...#.##.p8.p....#
###...#'##.).p......
+###'..#Z.........
#.'G.)Z○°)......#
###.Z.#...@.....#
#.###.........# .
#.........#
#.......... ##+####


You could see Margery (soul bound), a hell knight (fast, soul bound, confused,
corroded), a vault sentinel (soul bound, catching breath), an ironbound convoker
(soul bound), an iron dragon zombie, a golden dragon zombie and an ironbound
convoker skeleton.

Vanquished Creatures
  Arachne (Spider:2)
  Rupert (Orc:2)
  2 liches
  Asterion (Vaults:2)
  Frances (Shoals:1)
  Agnes (Spider:2)
  A tengu reaver (Vaults:3)
  3 vault wardens
  3 emperor scorpions
  2 ghost moths (Spider:4)
  A curse skull (Vaults:2)
  5 broodmothers
  7 ironbound preservers
  An orc warlord (Bailey)
  A vampire knight (Vaults:2)
  Azrael (D:12)
  An elemental wellspring (Shoals:1)
  3 ironbound thunderhulks
  9 dire elephants
  The ghost of Opifex the Brawler, a journeyman MiTm of Cheibriados (Lair:5)
  2 deep elf annihilators
  2 spark wasps
  A crystal guardian (Vaults:3)
  3 merfolk impalers
  An entropy weaver (shapeshifter) (D:15)
  2 great orbs of eyes (Vaults:3)
  3 yaktaur captains
  3 entropy weavers
  A jiangshi (Vaults:2)
  3 hydras
  3 peacekeepers
  Erolcha (D:10)
  A jorogumo (Spider:2)
  13 centaur warriors
  6 vault guards
  2 ghost crabs (Shoals:3)
  4 merfolk avatars
  A radroach (Spider:3)
  5 ironbound frosthearts
  2 catoblepae
  A death knight (D:14)
  8 boulder beetles
  2 merfolk aquamancers (Shoals:3)
  2 tengu warriors
  A death yak (shapeshifter) (Vaults:1)
  A death yak (Lair:5)
  2 two-headed ogres
  An orc high priest (D:11)
  6 hell knights
  A fire crab (shapeshifter) (D:14)
  5 pharaoh ants
  A sun moth (Spider:4)
  A glowing orange brain (Vaults:3)
  A skyshark (Shoals:1)
  9 skeletal warriors
  16 deep trolls
  8 sea snakes
  5 orb spiders
  13 ironbound convokers
  Pikel (D:4)
  A spriggan rider (Lair:5)
  6 steelbarb worms
  14 harpies
  A kraken simulacrum (Shoals:4)
  7 lindwurms
  2 wizards
  21 wolf spiders
  6 orc knights (Orc:2)
  A phantasmal warrior (D:15)
  3 deep elf pyromancers
  3 orc sorcerers (D:15)
  3 necromancers
  2 wolf spider zombies
  9 manticores
  The ghost of Touch the Magician, a novice DjFE (D:5)
  9 cyclopes
  11 ugly things
  Maurice (D:8)
  5 fauns
  9 vault sentinels
  A centaur zombie (D:15)
  A moth of wrath (Spider:2)
  5 merfolk sirens
  3 water nymphs
  A black mamba (Lair:1)
  6 cane toads
  8 demonic crawlers
  4 gargoyles
  4 torpor snails
  16 yaktaurs
  2 komodo dragons
  A rime drake (Lair:3)
  2 tengu conjurers (D:15)
  A redback zombie (Spider:2)
  3 meliai (D:13)
  12 merfolk
  6 trolls
  2 wind drakes (Shoals:1)
  2 polar bears (Lair:5)
  Grinder (D:4)
  18 tarantellas
  3 hornets
  2 spectral merfolk (Shoals:3)
  14 dream sheep
  9 blink frogs
  A dream sheep (shapeshifter) (Vaults:2)
  19 slime creatures
  6 snapping turtles
  3 vampires
  A spriggan (Lair:5)
  29 jumping spiders
  8 culicivoras
  A nameless horror (Lair:5)
  2 shadows
  2 centaur simulacra (D:15)
  17 water elementals
  A wraith (Vaults:2)
  8 yaks
  7 wyverns
  34 redbacks
  3 basilisks
  3 fire elementals (D:12)
  4 vampire mosquitoes (D:13)
  3 wargs (Orc:2)
  An acid dragon (D:12)
  A deep troll zombie (Vaults:2)
  12 water moccasins
  Duvessa (D:4)
  4 hell hounds (D:12)
  A sky beast (D:6)
  30 orc warriors
  A boggart (Lair:5)
  A torpor snail zombie (Spider:1)
  3 ogres
  6 centaurs
  3 wolves
  A spectral cyclops (Shoals:3)
  2 phantoms
  9 bullfrogs
  A kobold brigand (D:7)
  A necrophage (D:8)
  A human zombie (Vaults:3)
  A gnoll sergeant (D:7)
  2 scorpions
  A water moccasin zombie (Lair:2)
  11 wights
  Dowan (D:4)
  3 killer bees (D:11)
  2 vampire bats (D:8)
  5 electric eels
  6 howler monkeys
  2 jellies (D:6)
  2 hounds
  10 orc priests
  A gnoll bouda (D:10)
  5 iguanas
  16 orc wizards
  11 gnolls
  12 adders
  2 white imps (D:7)
  An ufetubus (D:6)
  2 dart slugs
  47 orcs
  6 ball pythons
  A bat skeleton (D:8)
  5 bat zombies (D:8)
  3 endoplasms
  3 giant cockroaches
  22 goblins
  13 hobgoblins
  A quokka (D:1)
  3 bats
  3 frilled lizards
  9 kobolds
  2 orc zombies (Orc:2)
  5 rats
882 creatures vanquished.

Vanquished Creatures (collateral kills)
  2 vault wardens (Vaults:3)
  A frost giant (Vaults:2)
  2 emperor scorpions
  2 ironbound preservers
  A broodmother (Spider:4)
  A stone giant (Vaults:1)
  4 dire elephants
  3 merfolk impalers
  A merfolk javelineer (Shoals:4)
  A vault guard (D:13)
  4 hydras
  An ironbound frostheart (Vaults:2)
  A merfolk avatar (Shoals:2)
  4 merfolk aquamancers
  An alligator snapping turtle (Shoals:4)
  A radroach (Spider:4)
  A centaur warrior (Vaults:1)
  2 death yaks (Lair:5)
  A deep troll earth mage (D:11)
  5 boulder beetles
  Urug (Lair:4)
  3 hell knights
  A sun moth (Spider:4)
  The ghost of
  112233 the Zephyrmancer, a novice OpAE of Gozag (D:11)
  4 pharaoh ants
  7 skeletal warriors
  4 orb spiders
  2 wizards (Vaults:3)
  2 deep trolls
  4 harpies
  3 necromancers
  An orc knight (Orc:2)
  An ugly thing (D:13)
  A deep elf pyromancer (D:14)
  5 wolf spiders
  A cyclops (Shoals:3)
  A faun (shapeshifter) (D:11)
  A moth of wrath (Spider:4)
  A vault sentinel (Vaults:2)
  2 black mambas
  A water nymph (Shoals:1)
  3 demonic crawlers
  A rime drake (Lair:2)
  12 cane toads
  3 yaktaurs
  6 komodo dragons
  2 trolls
  2 polar bears
  2 wind drakes
  5 merfolk
  6 tarantellas
  2 snapping turtles
  2 hornets
  4 dream sheep
  3 blink frogs (Lair:4)
  8 jumping spiders
  7 slime creatures
  7 culicivoras
  3 wyverns
  15 yaks
  5 water elementals (Shoals:2)
  4 wraiths
  A basilisk (Lair:3)
  14 redbacks
  Eustachio (D:6)
  2 steam dragons (Lair:5)
  4 water moccasins
  17 orc warriors
  A black bear (Lair:3)
  A hornet zombie (D:15)
  3 ogres
  14 wolves
  4 bullfrogs
  A necrophage (D:5)
  A scorpion (D:6)
  2 killer bees
  3 howler monkeys
  A nameless horror (Lair:2)
  4 jellies (Lair:4)
  3 orc priests
  An iguana (D:5)
  9 orc wizards
  8 gnolls
  4 adders
  39 orcs
  3 goblins
  2 ball pythons (D:3)
  A kobold (D:2)
  2 butterflies (Lair:3)
334 creatures vanquished.

Vanquished Creatures (others)
  A spark wasp zombie (Spider:4)
  A sea snake (Shoals:3)
  A ghost moth zombie (Spider:4)
  An ugly thing zombie (Vaults:3)
  An ironbound convoker (Vaults:2)
  2 wolf spider zombies
  A centaur zombie (D:14)
  2 death yak zombies (Lair:5)
  2 orb spider zombies
  A steelbarb worm zombie (Spider:4)
  A hydra zombie (Lair:5)
  8 harpy zombies
  9 redback zombies
  A sea snake zombie (Shoals:3)
  2 demonic crawler zombies (Spider:4)
  6 jumping spider zombies
  A culicivora zombie (Spider:4)
  7 tarantella zombies
  A boulder beetle zombie (Vaults:3)
  A wyvern (Lair:5)
  5 slime creature zombies (Vaults:3)
  A redback (Spider:4)
  2 merfolk zombies (Shoals:3)
  2 faun zombies (Shoals:3)
  6 deep troll zombies
  An acid dragon (D:12)
  The ghost of
  112233 the Gusty, an amateur OpAE of Gozag (D:5)
  7 cane toad zombies
  2 water nymph zombies
  2 tengu zombies
  6 dream sheep zombies
  A hornet zombie (Lair:2)
  11 human zombies
  2 blink frog zombies (Lair:5)
  2 lindwurm zombies (Vaults:1)
  4 yaktaur zombies
  3 wyvern zombies
  A komodo dragon zombie (Lair:1)
  4 hell hound zombies (D:12)
  2 water moccasin zombies
  8 yak zombies
  A spriggan zombie (Lair:5)
  3 wolf zombies (Lair:3)
  A bullfrog zombie (Lair:2)
  A basilisk zombie (Lair:3)
  A black bear zombie (Lair:3)
  An acid dragon zombie (D:12)
  An ogre zombie (Orc:2)
  A steam dragon zombie (Lair:5)
  37 orc zombies
  A quokka (D:7)
  2 gnoll zombies (D:10)
  48 fungi
  174 plants
  8 tentacles (Shoals:3)
  10 withered plants (Shoals:3)
413 creatures vanquished.

Grand Total: 1629 creatures vanquished

Notes
Turn   | Place    | Note
-------+----------+-------------------------------------------
     0 | D:1      | Lavandula the Felid Hedge Wizard began the quest for the
                  | Orb.
     0 | D:1      | Reached XP level 1. HP: 7/7 MP: 5/5
   292 | D:1      | Reached XP level 2. HP: 11/11 MP: 1/7
   385 | D:1      | Learned a level 2 spell: Blink
   437 | D:1      | Learned a level 2 spell: Call Imp
  1753 | D:2      | Found a stormy altar of Qazlal.
  1784 | D:2      | Reached XP level 3. HP: 14/14 MP: 6/9
  1995 | D:2      | Reached XP level 4. HP: 18/18 MP: 4/11
  2207 | D:2      | Learned a level 3 spell: Mephitic Cloud
  2407 | D:2      | Reached skill level 1 in Air Magic
  2625 | D:2      | Learned a level 4 spell: Animate Dead
  2867 | D:3      | Reached skill level 1 in Necromancy
  2867 | D:3      | Reached XP level 5. HP: 21/21 MP: 11/13
  2959 | D:3      | Found a faded altar of an unknown god.
  2964 | D:3      | Got Plato's Grimoire of Places
  4042 | D:4      | Noticed Grinder
  4190 | D:4      | Gained mutation: You are covered in thick fur. (AC +2)
                  | [Felid growth]
  4190 | D:4      | Reached XP level 6. HP: 24/24 MP: 12/14
  4262 | D:5      | Entered Level 5 of the Dungeon
  4383 | D:5      | Reached skill level 1 in Unarmed Combat
  4490 | D:5      | Found a runed translucent gate.
  4490 | D:5      | Found a runed translucent gate.
  4491 | D:5      | Found a runed translucent gate.
  4493 | D:5      | Noticed 112233's ghost (amateur OpAE)
  4493 | D:5      | Noticed Touch's ghost (novice DjFE)
  4844 | D:5      | Reached XP level 7. HP: 27/27 MP: 15/15
  5002 | D:5      | Noticed a shadow
  5202 | D:4      | Reached skill level 1 in Fighting
  5498 | D:4      | Noticed Dowan
  5499 | D:4      | Noticed Duvessa
  5672 | D:5      | Reached skill level 5 in Spellcasting
  5921 | D:6      | Learned a level 3 spell: Spider Form
  5983 | D:6      | Found a broken altar of Ashenzari.
  6000 | D:6      | Reached skill level 1 in Transmutations
  6008 | D:6      | Found a shimmering blue altar of Sif Muna.
  6008 | D:6      | Found a radiant altar of Vehumet.
  6014 | D:6      | Became a worshipper of Sif Muna the Loreminder
  6257 | D:6      | Noticed Eustachio
  6272 | D:6      | Killed Eustachio
  6273 | D:6      | Reached XP level 8. HP: 31/33 MP: 16/16
  6364 | D:6      | Reached skill level 1 in Poison Magic
  6489 | D:6      | Found an ornate altar of the Wu Jian Council.
  6754 | D:6      | Found a shadowy altar of Dithmenos.
  7419 | D:7      | Noticed a manticore
  7545 | D:7      | Found a white marble altar of Elyvilon.
  7612 | D:7      | Found a staircase to the Ecumenical Temple.
  7667 | D:7      | Reached skill level 5 in Unarmed Combat
  7840 | D:7      | Reached XP level 9. HP: 28/36 MP: 17/17
  8016 | D:7      | Found an opulent altar of Gozag.
  8255 | D:7      | Reached * piety under Sif Muna
  8275 | D:7      | Noticed a gargoyle
  8339 | D:8      | Noticed a boulder beetle
  8339 | D:8      | Found a staircase to the Lair.
  8537 | D:7      | Learned a level 3 spell: Stone Arrow
  8653 | D:8      | Reached skill level 1 in Earth Magic
  8999 | D:7      | Slain by a manticore
  9000 | D:7      | Reached XP level 8. HP: -3/33 MP: 0/16
  9326 | D:8      | Found Kuamocan's Book Shop.
  9350 | D:8      | Slain by a boulder beetle
  9351 | D:8      | Reached XP level 7. HP: -3/30 MP: 0/15
  9359 | D:8      | Killed a boulder beetle
  9360 | D:8      | Reached skill level 5 in Earth Magic
  9360 | D:8      | Reached XP level 8. HP: 33/33 MP: 13/16
  9461 | D:8      | Found Qoivioma's Gadget Gallery.
  9468 | D:8      | Bought a wand of paralysis (4) for 134 gold pieces
  9540 | D:8      | Reached skill level 1 in Evocations
  9581 | D:8      | Noticed Maurice
  9612 | D:8      | Killed Maurice
  9776 | D:8      | Found an ancient bone altar of Kikubaaqudgha.
  9896 | D:8      | Reached XP level 9. HP: 36/36 MP: 13/17
 10453 | D:8      | Reached skill level 5 in Dodging
 10681 | D:8      | Found a sparkling altar of Nemelex Xobeh.
 10890 | D:9      | Found The Oracle's Delphic Readings.
 10950 | D:9      | Found a flagged portal.
 10958 | D:9      | Reached ** piety under Sif Muna
 10972 | Bailey   | Entered a bailey
 11832 | Bailey   | Reached *** piety under Sif Muna
 11860 | Bailey   | Noticed an orc warlord
 11903 | Bailey   | Killed an orc warlord
 11904 | Bailey   | Reached XP level 10. HP: 40/40 MP: 12/22
 11972 | Bailey   | Reached XP level 11. HP: 49/49 MP: 21/25
 11979 | Bailey   | Learned a level 5 spell: Borgnjor's Vile Clutch
 12010 | D:9      | Noticed a two-headed ogre
 12225 | D:9      | Killed a two-headed ogre
 12226 | D:9      | Reached skill level 5 in Necromancy
 12509 | D:9      | Found a burning altar of Makhleb.
 12747 | D:9      | Learned a level 4 spell: Summon Lightning Spire
 13133 | D:10     | Entered Level 10 of the Dungeon
 13167 | D:10     | Noticed Erolcha
 14026 | D:10     | Killed Erolcha
 14027 | D:10     | Reached skill level 5 in Air Magic
 14564 | D:11     | Found a runed translucent door.
 14580 | D:11     | Noticed a deep troll earth mage
 14581 | D:11     | Noticed an orc high priest
 14582 | D:11     | Noticed a necromancer
 14582 | D:11     | Noticed a lich
 14583 | D:11     | Noticed 112233's ghost (novice OpAE)
 14586 | D:11     | Found a runed translucent door.
 14725 | D:11     | Found Oletawk's General Store.
 14734 | D:11     | Bought a scroll of fog for 44 gold pieces
 14734 | D:11     | Bought 2 potions of resistance for 220 gold pieces
 14761 | D:11     | Found a staircase to the Orcish Mines.
 15018 | D:10     | Learned a level 5 spell: Blade Hands
 15129 | D:11     | Found a broken altar of Ashenzari.
 15343 | D:11     | Noticed a spark wasp
 15344 | D:11     | a spark wasp changed into a goliath frog
 15344 | D:11     | Noticed a goliath frog (shapeshifter)
 15363 | D:11     | Reached skill level 5 in Transmutations
 15630 | D:11     | Noticed a fire dragon
 15780 | Lair:1   | Entered Level 1 of the Lair of Beasts
 15787 | Lair:1   | Noticed a six-headed hydra
 15798 | Lair:1   | Killed a six-headed hydra
 15807 | Lair:1   | Gained mutation: Your thick and shaggy fur keeps you warm.
                  | (AC +3, rC+) [Felid growth]
 15807 | Lair:1   | Reached XP level 12. HP: 11/53 MP: 0/26
 17620 | Lair:2   | Reached skill level 10 in Transmutations
 17869 | Lair:2   | Found a hole to the Spider Nest.
 19154 | Lair:2   | Reached **** piety under Sif Muna
 19188 | Lair:2   | Noticed a six-headed hydra
 19201 | Lair:2   | Killed a six-headed hydra
 19719 | Lair:3   | Reached skill level 5 in Stealth
 19745 | Lair:3   | Reached XP level 13. HP: 44/56 MP: 21/27
 20845 | Lair:3   | Found a staircase to the Shoals.
 21444 | Lair:4   | Found a staircase to the Slime Pits.
 21446 | Lair:4   | Found a viscous altar of Jiyva.
 21482 | Lair:4   | Noticed Urug
 21500 | Lair:4   | Killed Urug
 21782 | Lair:5   | Entered Level 5 of the Lair of Beasts
 21813 | Lair:5   | Noticed a dire elephant
 21833 | Lair:5   | Reached skill level 1 in Invocations
 21840 | Lair:5   | Reached ***** piety under Sif Muna
 21840 | Lair:5   | Received a gift from Sif Muna
 21985 | Lair:5   | Reached skill level 5 in Invocations
 22461 | Orc:1    | Entered Level 1 of the Orcish Mines
 23109 | Orc:2    | Entered Level 2 of the Orcish Mines
 23114 | Orc:2    | Noticed Rupert
 23140 | Orc:1    | Learned a level 2 spell: Passwall
 23310 | Orc:2    | Found a staircase to the Elven Halls.
 23351 | Orc:2    | Killed Rupert
 23399 | Orc:2    | Received a gift from Sif Muna
 23914 | Orc:2    | Reached XP level 14. HP: 43/60 MP: 4/28
 24064 | Orc:2    | Found Etiuq Nit's Antique Armour Shop.
 24064 | Orc:2    | Found Oshe Foviwe's Magic Scroll Emporium.
 24190 | Orc:2    | Bought a scroll of noise for 14 gold pieces
 24246 | Orc:2    | Reached skill level 10 in Spellcasting
 24676 | Orc:2    | Found Yntew Waf's General Store.
 24676 | Orc:2    | Found Archoalea's Distillery.
 24691 | Orc:2    | Bought a potion of invisibility for 112 gold pieces
 24691 | Orc:2    | Bought a potion of invisibility for 112 gold pieces
 24691 | Orc:2    | Bought a potion of mutation for 112 gold pieces
 24691 | Orc:2    | Bought 2 potions of mutation for 224 gold pieces
 24691 | Orc:2    | Bought a potion of resistance for 140 gold pieces
 24691 | Orc:2    | Bought a potion of lignification for 42 gold pieces
 25301 | D:12     | Noticed Azrael
 25314 | D:12     | Found the ring of the Octopus King
 25328 | D:12     | Identified a ring of the Octopus King {Wiz HP+2 AC+2 EV+2
                  | SH+2}
 25346 | D:12     | Received a gift from Sif Muna
 25346 | D:12     | Killed Azrael
 25347 | D:12     | Got Doumn's Thoughts on Venomous Air {god gift}
 25360 | D:12     | Learned a level 7 spell: Storm Form
 25973 | D:13     | Identified the +11 flail of Nudysh {heavy, rPois rC- Dex-3
                  | SInv Stlth+}
 26182 | D:13     | Found a gate to the Vaults.
 26214 | D:13     | Demolished by a boulder beetle
 26215 | D:13     | Reached XP level 13. HP: -15/58 MP: 0/29
 27196 | Shoals:1 | Entered Level 1 of the Shoals
 27247 | Shoals:1 | HP: 2/58 [drowned by a water nymph (12)]
 27443 | Shoals:1 | Noticed Frances
 27448 | Shoals:1 | Killed Frances
 27643 | Lair:5   | Killed a dire elephant
 27644 | Lair:5   | Reached skill level 10 in Unarmed Combat
 27644 | Lair:5   | Reached XP level 14. HP: 42/60 MP: 18/30
 28131 | Lair:5   | Found a runed translucent door.
 28134 | Lair:5   | Noticed Opifex's ghost (journeyman MiTm)
 28134 | Lair:5   | Identified the +5 spear of Deformation {holy, Contam +Blink
                  | Int+4}
 28634 | Lair:5   | Killed Opifex's ghost
 28833 | D:4      | Killed Duvessa
 28875 | D:4      | Noticed Pikel
 28880 | D:4      | Killed Dowan
 28888 | D:4      | Killed Pikel
 29030 | D:4      | Killed Grinder
 29184 | D:5      | Killed 112233's ghost
 29187 | D:5      | Killed Touch's ghost
 29524 | D:11     | Killed 112233's ghost
 29536 | D:11     | Killed a lich
 29748 | D:14     | Gained mutation: Your magical capacity is low. (-10% MP)
                  | [mutagenic glow]
 29833 | D:13     | Lost mutation: Your magical capacity is low. (-10% MP)
                  | [potion of mutation]
 29833 | D:13     | Gained mutation: You occasionally lose the ability to read
                  | scrolls when taking damage. [potion of mutation]
 29834 | D:13     | Lost mutation: You occasionally lose the ability to read
                  | scrolls when taking damage. [potion of mutation]
 29834 | D:13     | Gained mutation: Your muscles are strong. (Str +4, Int/Dex
                  | -1) [potion of mutation]
 29834 | D:13     | Gained mutation: Your spells are a little easier to cast,
                  | but a little less powerful. [potion of mutation]
 30251 | D:14     | Found a white marble altar of Elyvilon.
 30555 | D:14     | Gained mutation: You occasionally lose the ability to drink
                  | potions when taking damage. [mutagenic glow]
 30584 | D:15     | Entered Level 15 of the Dungeon
 30653 | D:15     | Identified the +5 war axe of the Crafting Pariah {speed,
                  | rN+ MP+9 Int-3}
 30832 | D:15     | Found a hazy altar of Hepliaklqana.
 32271 | D:15     | Found a staircase to the Depths.
 32322 | D:15     | Reached XP level 15. HP: 60/65 MP: 12/32
 32367 | D:15     | Reached skill level 10 in Dodging
 32832 | D:15     | Identified the +2 ring mail "Wedap" {Will+ MP+9 Str-5
                  | Dex+2}
 34798 | Shoals:2 | Received a gift from Sif Muna
 34799 | Shoals:2 | Got Sif Muna's Disquisition on Flashy Grit {god gift}
 34811 | Shoals:2 | Learned a level 6 spell: Statue Form
 34882 | Shoals:2 | Identified a scroll of acquirement
 34883 | Shoals:2 | Acquired 795 gold pieces
 34937 | Shoals:2 | Gained mutation: Your body sometimes deteriorates upon
                  | taking damage. [mutagenic glow]
 34938 | Shoals:2 | Lost mutation: Your muscles are strong. (Str +4, Int/Dex
                  | -1) [potion of mutation]
 34938 | Shoals:2 | Lost mutation: You occasionally lose the ability to drink
                  | potions when taking damage. [potion of mutation]
 34938 | Shoals:2 | Gained mutation: Your muscles are strong. (Str +4, Int/Dex
                  | -1) [potion of mutation]
 34938 | Shoals:2 | Gained mutation: You occasionally shout uncontrollably at
                  | your foes. [potion of mutation]
 34938 | Shoals:2 | Gained mutation: Your muscles are very strong. (Str +8,
                  | Int/Dex -2) [potion of mutation]
 35540 | Shoals:3 | Reached skill level 15 in Dodging
 36284 | Shoals:3 | Reached XP level 16. HP: 45/72 MP: 21/33
 36469 | Shoals:3 | Received a gift from Sif Muna
 36475 | Shoals:3 | Got Sif Muna's Fundamentals of Wizarding {god gift}
 36535 | Shoals:4 | Entered Level 4 of the Shoals
 36565 | Shoals:3 | Learned a level 5 spell: Freezing Cloud
 36586 | Shoals:4 | Reached skill level 1 in Ice Magic
 36691 | Shoals:4 | Got a barnacled rune of Zot
 36709 | Shoals:4 | Got the Elucidation of Flamy Hoarfrost
 36869 | D:8      | Bought Sif Muna's Anthology of Assembling and Orogeny for
                  | 600 gold pieces
 36874 | D:8      | Learned a level 3 spell: Stone Arrow
 36937 | Spider:1 | Entered Level 1 of the Spider Nest
 36945 | Spider:1 | Reached skill level 1 in Conjurations
 37589 | Spider:1 | Gained mutation: You occasionally lose the ability to read
                  | scrolls when taking damage. [mutagenic glow]
 38483 | Spider:2 | Reached skill level 10 in Air Magic
 38589 | Spider:2 | Noticed Arachne
 38606 | Spider:2 | Killed Arachne
 38948 | Spider:2 | Noticed Agnes
 38962 | Spider:2 | Killed Agnes
 39209 | Spider:2 | Reached XP level 17. HP: 56/75 MP: 28/34
 39475 | Spider:3 | Reached skill level 10 in Invocations
 39932 | Spider:3 | Identified the +7 spear of the Desolation of Salt
                  | {antimagic, rC+ rN+ SInv}
 40090 | Spider:4 | Entered Level 4 of the Spider Nest
 40544 | Spider:4 | Received a gift from Sif Muna
 40545 | Spider:4 | Got Sif Muna's Secrets of Felsic Effluvium {god gift}
 41214 | Spider:4 | Got a gossamer rune of Zot
 41552 | Vaults:1 | Entered Level 1 of the Vaults
 41705 | Vaults:1 | Found Dufanuha's Jewellery Emporium.
 41712 | Vaults:1 | Bought the amulet of Kouphuiw {Regen+ rCorr Dex+2} for 748
                  | gold pieces
 41726 | Vaults:1 | Found Pottyno's General Store.
 41733 | Vaults:1 | Bought 2 potions of curing for 72 gold pieces
 41733 | Vaults:1 | Bought 2 potions of heal wounds for 120 gold pieces
 41733 | Vaults:1 | Bought a scroll of teleportation for 36 gold pieces
 41733 | Vaults:1 | Bought a scroll of fog for 48 gold pieces
 41766 | Vaults:1 | Received a gift from Sif Muna
 41811 | Vaults:1 | Got Sif Muna's Secrets of the Atmosphere {god gift}
 42333 | Vaults:1 | Found Oteoxia's Book Boutique.
 42419 | Vaults:1 | Slain by a stone giant
 42420 | Vaults:1 | Reached XP level 16. HP: -2/74 MP: 33/33
 42457 | Vaults:1 | Found Ryzev's Book Shop.
 42506 | Vaults:1 | Found Uhybre's Assorted Antiques.
 42514 | Vaults:1 | Noticed a storm dragon
 42529 | Vaults:1 | Noticed a storm dragon
 42533 | Vaults:1 | Reached XP level 17. HP: 75/75 MP: 12/34
 42627 | Vaults:1 | Bought a potion of curing for 84 gold pieces
 42627 | Vaults:1 | Bought a scroll of teleportation for 84 gold pieces
 43302 | Vaults:2 | Acquired a book of Transfigurations
 43687 | Vaults:2 | HP: 2/100 [centaur warrior/arrow (16)]
 43687 | Vaults:2 | Shot with an arrow by a centaur warrior
 43688 | Vaults:2 | Reached XP level 16. HP: -15/96 MP: 28/33
 43688 | Vaults:2 | Upgraded the game from 0.30-a0-782-ge64f9170bb to
                  | 0.30-a0-845-g7c6808c8ce
 43713 | Vaults:2 | Found the +27 heavy crossbow "Sniper" {heavy, Acc+∞ SInv}
 43908 | Vaults:2 | Reached skill level 15 in Air Magic
 43960 | Vaults:2 | Noticed Asterion
 43965 | Vaults:2 | Killed Asterion
 44172 | Vaults:2 | Found Neluqaw's Magic Scroll Boutique.
 44180 | Vaults:2 | Bought a scroll of blinking for 135 gold pieces
 44180 | Vaults:2 | Bought a scroll of summoning for 171 gold pieces
 44405 | Vaults:2 | Found a staircase to the Crypt.
 44940 | Vaults:3 | Received a gift from Sif Muna
 44960 | Vaults:3 | Got Ekeschyr's Discursus on Clouds {god gift}
 45031 | Vaults:3 | Reached XP level 17. HP: 63/75 MP: 20/34
 45220 | Vaults:3 | Found a runed translucent gate.
 45220 | Vaults:3 | Found a runed translucent gate.
 45220 | Vaults:3 | Found a runed translucent gate.
 45220 | Vaults:3 | Noticed a lich
 45221 | Vaults:3 | Noticed Hosunepni's ghost (adept FeBe)
 46071 | Vaults:3 | Killed a lich
 46670 | Vaults:4 | Noticed Margery
 46689 | Vaults:4 | Killed from afar by Margery

Illustrated notes

Levels and vault maps discovered:
D:1:      sevenhm_arrival_forest_fort_large_2, layout_basic,
          roderic_serpentine_path
D:2:      layout_rooms, basic_altar, minmay_tromino_v7
D:3:      layout_basic, shapermc_ecumenical_altar_rom_forum,
          chequers_decorated_corner
D:4:      layout_basic, wad_orctagon, uniq_grinder, uniq_pikel, uniq_duvessa
D:5:      layout_basic, gammafunk_ghost_cemetery, serial_curves, eino_curves_01,
          eino_curves_01, hangedman_decor_growths, minmay_manual_moon
D:6:      layout_loops_ring, mainiacjoe_overflow_six_doors_small,
          nicolae_wu_jian_glorious_leap,
          chequers_temple_overflow_statue_of_worship,
          corexii_item_surrounded_by_moat, uniq_eustachio
D:7:      minmay_chambers_of_fours, layout_loops_ring, elyvilon_altar_4,
          mainiacjoe_overflow_small_starburst,
          minmay_temple_entry_gardened_gates, minmay_misc_feat_columns,
          grunt_ministairs_3
D:8:      layout_rooms, mainiacjoe_overflow_alcove_4, kennysheep_vampire_church,
          lair_entry_dummy, serial_shops, shop, nicolae_shop_gadgets,
          uniq_maurice
D:9:      layout_irregular_city, mainiacjoe_overflow_surrounded_room,
          enter_bailey_7, nicolae_nh_oracle_at_delphi
D:10:     layout_loops_ring, uniq_erolcha
D:11:     layout_long_grid, minmay_orc_entry_temple_small,
          muffindrake_ghost_dual_entry, serial_shops, nicolae_shop_crystal,
          cheibrodos_ashenzari_chains
D:12:     layout_cave_pools, uniq_azrael
D:13:     layout_small_grid, lightli_vaults_fourway_checkpoint,
          kennysheep_generic_room_13
D:14:     layout_basic, lemuel_tele_altar
D:15:     grunt_enter_depths_magical_seal, layout_irregular_city,
          lemuel_round_altar
Lair:1:   layout_loops_ring, serial_bayou_shore_b, grunt_megastairs_1
Lair:2:   cheibrodos_lair_overgrown_chateau, layout_layer_cave,
          spider_nest_entry_webs, st_stairs_6
Lair:3:   layout_misc_corridors, elwin_shoals_entry_rooms,
          chequers_serial_rivers_micro_a, wad_woods_road_02, lemuel_fruit_fields
Lair:4:   layout_regular_city, nicolae_slime_entry_field_trip, uniq_urug
Lair:5:   gammafunk_lair_ancient_temple, layout_misc_corridors,
          ebering_ghost_funeral_grove
Shoals:1: layout_shoals, nicolae_shoals_spring_well_temple, uniq_frances
Shoals:2: layout_shoals, nicolae_shoals_seven_spires
Shoals:3: layout_shoals, nicolae_shoals_spectral_cove
Shoals:4: shoals_end_grunt_ice, layout_shoals, nicolae_shop_firing_range,
          uniq_roxanne
Spider:1: layout_spider_delve
Spider:2: layout_spider_delve, nicolae_spider_cling_halls,
          hangedman_spider_tarantella_strand, uniq_arachne, uniq_agnes
Spider:3: layout_spider_delve, nicolae_spider_nooks_and_crannies
Spider:4: hellmonk_spider_rune_endless_swarm, drop_trap
Orc:1:    layout_diamond_mine, mines2_lemuel
Orc:2:    st_orc_town, layout_caves, uniq_rupert
Vaults:1: v_rooms_5, vaults_mumra_hexcomb, vaults_room_ringed_pool,
          st_smaller_cells, ontoclasm_vaults_bender, vaults_room_pool,
          grunt_vaults_hallway_short, v_misc_25, v_misc_5,
          layout_vaults_omnigrid, serial_shops, shop, shop_statue,
          nicolae_shop_stone, shop, shop
Vaults:2: grunt_vaults_diagonal, ontoclasm_vaults_gateway,
          ontoclasm_vaults_pinch, ontoclasm_vaults_fault, grunt_vaults_bifocal,
          nicolae_vaults_yaktaur_gun_rack, nicolae_vaults_rhombus_6,
          st_octagons_1, minmay_crypt_entry_simple_walls,
          nicolae_vaults_little_squares_1, hangedman_vaults_cutoff,
          ontoclasm_vaults_twist, layout_vaults_ring, serial_shops,
          nicolae_shop_advertising_works [nicolae_subvault_shop_adworks],
          uniq_asterion
Vaults:3: gammafunk_ghost_necromancy, nicolae_vaults_hallways_thing, v_misc_19,
          ontoclasm_vaults_eye, hangedman_vaults_trim, vaults_room_fours,
          nicolae_vaults_asterisk, hangedman_vaults_maws,
          hangedman_vaults_slice, vaults_dpeg_encased_lava,
          nicolae_vaults_little_ls, nicolae_vaults_c_with_doors,
          nicolae_vaults_little_squares_6, layout_vaults_omnicross
Vaults:4: st_greater_box_2, v_alt_pattern_2, nicolae_vaults_little_squares_2,
          vaults_room_mumra_shop_pool, hangedman_vaults_river_flow,
          nicolae_vaults_little_squares_6, grunt_vaults_hallway_short,
          nicolae_vaults_diagonal_hallway_9, nicolae_vaults_diagonal_hallway_9,
          grunt_vaults_focal, grunt_vaults_funnel, layout_vaults_maze_snakey,
          serial_shops, shop, uniq_margery

Skill      XL: |  1  2  3  4  5  6  7  8  9 10 11 12 13 14 15 16 17 |
---------------+----------------------------------------------------+-----
Spellcasting   | 4 5 7 9 12 13 | 13.5
Air Magic      | 1 6 9 8 16 17 | 17.7
Necromancy     | 1 3 4 5 |  5.6
Unarmed Combat | 2 3 6 7 10 11 12 | 12.5
Fighting       | 2 6 9 |  9.0
Transmutations | 4 6 12 | 12.1
Poison Magic   | 4 |  4.1
Dodging        | 6 8 9 16 17 | 17.6
Earth Magic    | 5 3 2 |  5.8
Evocations     | 4 |  4.4
Stealth        | 5 9 |  9.1
Invocations    | 8 9 10 | 10.4
Ice Magic      | 3 |  3.7
Conjurations   | 2 |  2.5
Summonings     | |  1.0
Translocations | |  1.5

Action                     |  1- 3 |  4- 6 |  7- 9 | 10-12 | 13-15 | 16-18 || total
---------------------------+-------+-------+-------+-------+-------+-------++-------
  Melee: Unarmed           |     5 |    20 |   400 |   197 |   819 |   984 ||  2425
         Bite              |       |     4 |    11 |    12 |    51 |    33 ||   111
         Punch             |       |     1 |     2 |     9 |    67 |   109 ||   188
   Cast: Magic Dart        |    71 |   153 |    52 |       |       |       ||   276
         Call Imp          |     7 |    34 |    61 |     1 |       |       ||   103
         Mephitic Cloud    |       |     3 |    12 |     9 |    25 |    23 ||    72
         Spider Form       |       |       |    47 |     9 |       |       ||    56
         Stone Arrow       |       |       |    55 |    37 |    31 |       ||   123
         Animate Dead      |       |       |     1 |    22 |    29 |    27 ||    79
         Summon Lightning  |       |       |       |    47 |   116 |    25 ||   188
         Borgnjor's Vile C |       |       |       |    15 |    65 |    30 ||   110
         Blade Hands       |       |       |       |     7 |    27 |       ||    34
         Storm Form        |       |       |       |       |    67 |    68 ||   135
         Passwall          |       |       |       |       |     3 |       ||     3
         Maxwell's Capacit |       |       |       |       |     2 |     2 ||     4
         Blink             |       |       |       |       |    11 |     3 ||    14
         Statue Form       |       |       |       |       |     3 |    18 ||    21
         Freezing Cloud    |       |       |       |       |       |    11 ||    11
         Polar Vortex      |       |       |       |       |       |     4 ||     4
         Monstrous Menager |       |       |       |       |       |     1 ||     1
         Shatter           |       |       |       |       |       |     1 ||     1
 Invoke: Forget Spell      |       |       |       |     2 |       |       ||     2
         Channel Magic     |       |       |       |       |     2 |     1 ||     3
         Divine Exegesis   |       |       |       |       |     2 |     8 ||    10
Ability: End Transformatio |       |       |     1 |     3 |     7 |       ||    11
         Blinkbolt         |       |       |       |       |    24 |    26 ||    50
  Evoke: Wand              |       |       |    14 |     3 |    24 |    11 ||    52
         Box of beasts     |       |       |       |       |     4 |     1 ||     5
         Condenser vane    |       |       |       |       |     3 |     7 ||    10
    Use: Potion            |     1 |     2 |     4 |     5 |    13 |    20 ||    45
         Scroll            |       |     1 |    15 |     6 |    12 |     9 ||    43
   Stab: Confused          |       |     1 |     4 |     7 |     8 |    15 ||    35
         Paralysed         |       |       |     9 |       |       |       ||     9
         Sleeping          |       |       |     3 |     1 |    19 |    14 ||    37
         Distracted        |       |       |       |     4 |    20 |    22 ||    46
         Invisible         |       |       |       |       |    19 |       ||    19
 Armour: Skin              |       |     2 |    18 |    10 |    78 |   124 ||   232
  Dodge: Dodged            |    30 |    44 |   408 |   202 |   920 |  1490 ||  3094
  Block: Other             |       |       |       |       |    43 |    76 ||   119

Table legend: (Time is in decaauts)
 A = Elapsed time spent in this place.
 B = Non-inter-level travel time spent in this place.
 C = Inter-level travel time spent in this place.
 D = Time resting spent in this place.
 E = Time spent auto-exploring this place.
 F = Levels seen in this place.
 G = Mean time per level.
                   A        B        C        D        E       F      G
               +--------+--------+--------+--------+--------+-----+--------+
         Total |  42631 |  39810 |   2821 |   8548 |  19914 |  35 | 1218.0 |
       Dungeon |  19676 |  17951 |   1725 |   4252 |   8659 |  15 | 1311.7 |
          Lair |   7692 |   7098 |    594 |   1773 |   3943 |   5 | 1538.4 |
        Shoals |   3180 |   3059 |    121 |    659 |    815 |   4 |  795.0 |
   Spider Nest |   4035 |   3815 |    220 |    669 |   2069 |   4 | 1008.8 |
  Orcish Mines |   2223 |   2137 |     86 |    247 |   1308 |   2 | 1111.5 |
        Vaults |   4887 |   4813 |     74 |    572 |   3046 |   4 | 1221.8 |
        Bailey |    934 |    934 |      0 |    374 |     72 |   1 |  934.0 |
               +--------+--------+--------+--------+--------+-----+--------+

Top non-repeatable levels by time:
  Lair:2: 2222 daAuts
     D:7: 1893 daAuts
Vaults:3: 1880 daAuts
    D:13: 1721 daAuts
  Lair:3: 1719 daAuts
    D:15: 1552 daAuts
Vaults:1: 1518 daAuts
     D:1: 1489 daAuts
   Orc:2: 1485 daAuts
     D:8: 1435 daAuts
    D:14: 1427 daAuts
  Lair:1: 1426 daAuts
Vaults:2: 1363 daAuts
  Lair:5: 1361 daAuts
     D:9: 1359 daAuts
